 Dungeon Crawl Stone Soup version 0.19.3 (webtiles) character file.

529 BogdanSil the Chopper (level 7, 0/62 HPs)
             Began as a Deep Dwarf Fighter on Jan 23, 2017.
             Was an Initiate of Elyvilon.
             Slain by an ogre
             ... wielding a +0 giant club
              (3 damage)
             ... on level 5 of the Dungeon.
             The game lasted 00:15:30 (3138 turns).

BogdanSil the Chopper (Deep Dwarf Fighter)          Turns: 3138, Time: 00:15:31

Health: 0/62       AC:  7    Str: 22    XL:     7   Next: 3%
Magic:  7/7        EV:  8    Int:  8    God:    Elyvilon [......]
Gold:   181        SH: 10    Dex: 12    Spells: 0 memorised, 6 levels left

rFire  . . .     SeeInvis .     a - +0 war axe
rCold  . . .     Gourm    .     b - +0 scale mail
rNeg   . . .     Faith    .     c - +0 shield
rPois  .         Spirit   .     (no helmet)
rElec  .         Reflect  .     (no cloak)
rCorr  .         Harm     .     (no gloves)
MR     +....                    (no boots)
Stlth  ..........               (no amulet)
                                (no ring)
                                (no ring)

@: marked, non-regenerating
A: damage resistance, recharge devices, sense surroundings 1, slow regeneration
3
a: Device Recharging, Renounce Religion


You were on level 5 of the Dungeon.
You worshipped Elyvilon.
Elyvilon was noncommittal.
You were not hungry.

You visited 1 branch of the dungeon, and saw 5 of its levels.

You collected 181 gold pieces.

Inventory:

Hand Weapons
 a - a +0 war axe (weapon)
 j - a cursed -1 hand axe
Armour
 b - a +0 scale mail (worn)
 c - a +0 shield (worn)
 y - a +0 cloak
Jewellery
 o - an uncursed amulet of the gourmand {unknown}
 p - an uncursed ring of see invisible {unknown}
 v - a cursed ring of loudness {unknown}
Wands
 e - a wand of heal wounds (1/9)
 s - a wand of hasting (4/9)
Scrolls
 g - 3 scrolls of magic mapping
 h - 3 scrolls of amnesia {unknown}
 i - a scroll of random uselessness {unknown}
 k - 2 scrolls of fog
 q - 2 scrolls of identify
 t - a scroll of noise {unknown}
 w - 2 scrolls of remove curse {unknown}
 x - 3 scrolls of recharging {unknown}
 E - a scroll of enchant armour {unknown}
 J - a scroll of blinking {unknown}
Potions
 d - 2 potions of might
 m - 2 potions of heal wounds {unknown}
 r - a potion of ambrosia {unknown}
 u - 4 potions of degeneration {unknown}
 z - a potion of resistance {unknown}
 A - a potion of flight {unknown}
 B - a potion of haste {unknown}
 D - 2 potions of brilliance {unknown}
 F - a potion of mutation {unknown}
 H - a potion of agility {unknown}
 I - a potion of berserk rage {unknown}
Comestibles
 f - 3 bread rations
 l - a beef jerky
 n - a fruit
 C - a meat ration
 G - 5 chunks of flesh


   Skills:
 + Level 3.3 Fighting
 + Level 5.6 Axes
 + Level 4.9 Armour
 + Level 2.0 Dodging
 + Level 1.3 Stealth
 + Level 4.7 Shields


You had 6 spell levels left.
You didn't know any spells.

Dungeon Overview and Level Annotations

Branches:
Dungeon (5/15)
 Temple: D:4-7

Altars:
Elyvilon
Ru

Shops:
D:5 [


Innate Abilities, Weirdness & Mutations

You are resistant to damage.
You can recharge devices by infusing magical energy.
You passively map a small area around you.
You do not regenerate.


Message History

You hit the jackal skeleton.
The jackal skeleton is almost destroyed.
The jackal skeleton bites you but does no damage.
You barely miss the jackal skeleton.
The jackal skeleton is almost destroyed.
You block the jackal skeleton's attack. x2
An ogre comes into view. It is wielding a giant club.
You slash the jackal skeleton!
You destroy the jackal skeleton!
A giant cockroach comes into view.
The giant cockroach waves its antennae.
The ogre hits you with a giant club!!
* * * LOW HITPOINT WARNING * * *
You slash the ogre!
The ogre is moderately wounded.
The ogre closely misses you.
You hit the ogre but do no damage.
The ogre is moderately wounded.
The ogre hits you with a giant club.
You die...

#.P.P.# .# *,
#.....# .# *
#.#..# .#
#....##.#
#####......># *
...........# *,
* #####.#.##.#
#.#.##s#######.#
#.#.##.sO@.....#
#.#.############
#.#.# #.#.#
#.#.#
########.#.#
.........#.#
#.........[#
#.##########


You could see an ogre, a scorpion and a giant cockroach.

Vanquished Creatures
  A phantom (D:5)
  A scorpion (D:5)
  A jelly (D:5)
  3 orc wizards (D:4)
  2 worker ants (D:4)
  A hound skeleton (D:4)
  3 gnolls (D:3)
  9 adders
  An ooze (D:2)
  3 worms
  3 dart slugs
  5 leopard geckos
  10 orcs
  5 bats
  4 giant cockroaches
  3 goblins
  8 hobgoblins
  4 jackals (D:2)
  2 ball pythons
  12 frilled lizards
  2 jackal skeletons (D:5)
  9 kobolds
  10 rats
102 creatures vanquished.

Notes
Turn   | Place    | Note
-------+----------+-------------------------------------------
     0 | D:1      | BogdanSil the Deep Dwarf Fighter began the quest for the Orb.
     0 | D:1      | Reached XP level 1. HP: 20/20 MP: 1/1
   188 | D:1      | Reached XP level 2. HP: 27/27 MP: 2/2
   701 | D:2      | Reached XP level 3. HP: 12/33 MP: 3/3
   803 | D:2      | Found a sacrificial altar of Ru.
   810 | D:2      | Reached skill level 3 in Axes
   930 | D:2      | Reached skill level 1 in Stealth
   930 | D:2      | Reached XP level 4. HP: 36/42 MP: 4/4
  1180 | D:2      | Found a faded altar of an unknown god.
  1525 | D:3      | Reached skill level 4 in Axes
  1660 | D:3      | Reached XP level 5. HP: 21/49 MP: 5/5
  2274 | D:4      | Reached skill level 1 in Dodging
  2462 | D:4      | Reached XP level 6. HP: 41/56 MP: 6/6
  2853 | D:4      | Found a white marble altar of Elyvilon.
  2877 | D:4      | Became a worshipper of Elyvilon the Healer
  2953 | D:5      | Entered Level 5 of the Dungeon
  2975 | D:5      | Reached skill level 5 in Axes
  3116 | D:5      | Found Guby's Antique Armour Shop.
  3126 | D:5      | Reached XP level 7. HP: 21/62 MP: 7/7
  3136 | D:5      | HP: 3/62 [ogre/giant club (18)]
  3138 | D:5      | Slain by an ogre

Skill      XL: |  1  2  3  4  5  6 |
---------------+-------------------+-----
Fighting       | 3 |  3.3
Axes           | 3 4 5 |  5.6
Stealth        | 1 |  1.3
Shields        | 4 |  4.7
Armour         | 4 |  4.9
Dodging        | 1 2 |  2.0

Action                   |  1- 3 |  4- 6 |  7- 9 || total
-------------------------+-------+-------+-------++-------
Melee: War axe           |   108 |   275 |     9 ||   392
Throw: Throwing net      |       |     1 |       ||     1
Evoke: Wand              |     1 |     3 |       ||     4
  Use: Scroll            |       |     3 |       ||     3
 Stab: Paralysed         |     2 |       |       ||     2
  Eat: Chunk             |       |     6 |       ||     6
       Fruit             |       |     2 |       ||     2
Armor: Scale mail        |    41 |   116 |     3 ||   160
Dodge: Dodged            |    34 |    97 |     3 ||   134
Block: Shield            |    55 |   122 |     4 ||   181
